 Dungeon Crawl Stone Soup version 0.27-a0-412-g8dd771eca2 (webtiles) character file.

Game seed: 13248646903962401054

770 wampuh the Skirmisher (level 7, -1/63 HPs)
             Began as a Hill Orc Fighter on Feb 24, 2021.
             Slain by an orc
             ... wielding a +0 club
              (2 damage)
             ... on level 3 of the Dungeon.
             The game lasted 00:05:21 (3749 turns).

wampuh the Skirmisher (Hill Orc Fighter)            Turns: 3749, Time: 00:05:23

Health: -1/63      AC: 12    Str: 20      XL:     7   Next: 83%
Magic:  7/7        EV: 11    Int:  8 (9)  God:
Gold:   122        SH: 10    Dex:  9 (10) Spells: 6/6 levels left

rFire    . . .     SeeInvis .   a - +0 war axe
rCold    . . .     Faith    .   c - +0 kite shield
rNeg     . . .     Spirit   .   b - +0 scale mail
rPois    .         Reflect  .   (no helmet)
rElec    .         Harm     .   q - +2 cloak
rCorr    .         Rampage  .   f - +0 pair of gloves
Will     .....                  (no boots)
Stlth    ..........             (no amulet)
HPRegen  0.20/turn              n - +4 ring of evasion
MPRegen  0.10/turn              (no ring)

@: no status effects
A: no striking features
a: no special abilities


You were on level 3 of the Dungeon.
You visited 1 branch of the dungeon, and saw 3 of its levels.

You collected 122 gold pieces.

Inventory:

Hand Weapons
 a - a +0 war axe (weapon)
 p - a +1 vampiric halberd
Armour
 b - a +0 scale mail (worn)
 c - a +0 kite shield (worn)
 f - a +0 pair of gloves (worn)
 q - a +2 cloak (worn)
Jewellery
 n - a +4 ring of evasion (left hand)
 o - a ring of positive energy
Wands
 k - a wand of flame (6)
Scrolls
 d - 2 scrolls of random uselessness {unknown}
 e - a scroll of identify {unknown}
 i - 2 scrolls of magic mapping {unknown}
 j - 4 scrolls of enchant weapon {unknown}
 m - a scroll of blinking {unknown}
Potions
 g - a potion of degeneration
 h - 4 potions of curing
 l - 2 potions of lignification {unknown}


   Skills:
 - Level 6.0 Fighting
 - Level 6.0 Axes
 + Level 5.8 Armour
 + Level 5.7 Shields


You had 6 spell levels left.
You didn't know any spells.
Your spell library was empty.

Dungeon Overview and Level Annotations

Branches:
Dungeon (3/15)

Altars:
Trog
Yredelemnul


Message History

The orc shouts!
There are monsters nearby!
There are monsters nearby!
You barely miss the frilled lizard. You block the frilled lizard's attack.
The frilled lizard bites you but does no damage.
There are monsters nearby!
You completely miss the frilled lizard.
An orc comes into view. It is wielding a +0 dagger.
You block the frilled lizard's attack.
The orc shouts!
You hit the frilled lizard.
You kill the frilled lizard!
The orc zaps a wand.
The bolt of acid hits the quokka!
The quokka is splashed with acid.
The acid corrodes the quokka!
The quokka dies!
The bolt of acid hits you.
You are splashed with acid!
You see here a quokka corpse.
You barely miss the orc.
The orc zaps a wand.
The bolt of acid hits you!
You are splashed with acid!
* * * LOW HITPOINT WARNING * * *
An orc comes into view. It is wielding a +0 dagger.
You are too injured to fight recklessly!
You are too injured to fight recklessly!
You are too injured to fight recklessly!
You are too injured to fight recklessly!
Press: ? - help, v - describe, . - travel
Here: an orc, wielding a +0 club and carrying a wand of acid (3)
The floor.
Press: ? - help, v - describe, . - travel
Here: an orc, wielding a +0 club and carrying a wand of acid (3)
The floor.
Unknown command.
You barely miss the orc.
The orc shouts!
The orc zaps a wand.
The bolt of acid hits you.
* * * LOW HITPOINT WARNING * * *
You are splashed with acid!
* * * LOW HITPOINT WARNING * * *
The orc hits you with a +0 club.
You die...

### #.. . #.# .#
... #.# .#
...o.######.####.#
....ooo@.......#.#
.....######.##>#.#
... #.##.#.# ###
.# #..)...# #.. #.
####..## #.. ##'#
##.# #.. ##...##
#.# #.. ##.....##
####.# #..
##.......##
##.##.# ####..


You could see 4 orcs.

Vanquished Creatures
  An ogre (D:3)
  2 gnoll shamans (D:3)
  Jessica (D:2)
  Natasha (twice) (D:3)
  An orc wizard (D:3)
  Terence (D:3)
  3 adders
  39 gnolls
  An ooze (D:1)
  A worm (D:2)
  3 dart slugs
  4 orcs (D:3)
  4 giant cockroaches
  4 goblins
  2 hobgoblins
  18 jackals
  10 kobolds
  10 bats
  5 frilled lizards
  7 rats
119 creatures vanquished.

Vanquished Creatures (others)
  A quokka (D:3)
  2 plants (D:3)
  2 withered plants (D:3)
5 creatures vanquished.

Grand Total: 124 creatures vanquished

Notes
Turn   | Place    | Note
-------+----------+-------------------------------------------
     0 | D:1      | wampuh the Hill Orc Fighter began the quest for the Orb.
     0 | D:1      | Reached XP level 1. HP: 19/19 MP: 1/1
   223 | D:1      | Reached XP level 2. HP: 26/27 MP: 2/2
   661 | D:1      | Reached XP level 3. HP: 32/33 MP: 3/3
   855 | D:2      | Noticed Jessica
   866 | D:2      | Killed Jessica
  1030 | D:2      | Reached XP level 4. HP: 36/40 MP: 4/4
  1279 | D:2      | Found a bloodstained altar of Trog.
  1413 | D:2      | Reached XP level 5. HP: 47/47 MP: 5/5
  2345 | D:3      | Found a basalt altar of Yredelemnul.
  2508 | D:3      | Noticed Terence
  2514 | D:3      | Killed Terence
  2595 | D:3      | Reached skill level 5 in Fighting
  2603 | D:3      | Reached XP level 6. HP: 41/56 MP: 6/6
  2939 | D:3      | Reached skill level 5 in Axes
  2951 | D:3      | Reached skill level 5 in Armour
  2955 | D:3      | Reached skill level 5 in Shields
  2957 | D:3      | Reached XP level 7. HP: 24/61 MP: 7/7
  3028 | D:3      | Noticed Natasha
  3035 | D:3      | Killed Natasha
  3300 | D:3      | Noticed Natasha
  3312 | D:3      | Killed Natasha
  3749 | D:3      | HP: 1/63 [acid (12)]
  3749 | D:3      | Slain by an orc

Illustrated notes

Levels and vault maps discovered:
D:1:      arrival_zaba_pyramid, layout_basic, columned_hall_lemuel
D:2:      layout_loops_ring, bloody_trog, uniq_jessica
D:3:      lemuel_castle_with_subvaults [lemuel_castle_interior_carwin_3],
          layout_loops_corners, dk_noncrumbling_4, yredelemnul_altar_generic,
          uniq_natasha, uniq_terence

Skill      XL: |  1  2  3  4  5  6  7 |
---------------+----------------------+-----
Axes           | 3 4 5 6 |  6.0
Fighting       | 4 5 6 |  6.0
Armour         | 4 5 |  5.8
Shields        | 4 5 |  5.7

Action                   |  1- 3 |  4- 6 |  7- 9 || total
-------------------------+-------+-------+-------++-------
Melee: War axe           |    54 |   223 |    97 ||   374
  Use: Potion            |       |     6 |     1 ||     7
Armor: Scale mail        |    22 |   151 |    36 ||   209
Dodge: Dodged            |    18 |   131 |    38 ||   187
Block: Kite shield       |    29 |   179 |    61 ||   269

Table legend: (Time is in decaauts)
 A = Elapsed time spent in this place.
 B = Non-inter-level travel time spent in this place.
 C = Inter-level travel time spent in this place.
 D = Time resting spent in this place.
 E = Time spent auto-exploring this place.
 F = Levels seen in this place.
 G = Mean time per level.
                   A        B        C        D        E       F      G
               +--------+--------+--------+--------+--------+-----+--------+
         Total |   3949 |   3899 |     50 |    555 |   2345 |   3 | 1316.3 |
       Dungeon |   3949 |   3899 |     50 |    555 |   2345 |   3 | 1316.3 |
               +--------+--------+--------+--------+--------+-----+--------+

Top non-repeatable levels by time:
     D:3: 2055 daAuts
     D:2: 1013 daAuts
     D:1: 880 daAuts
